Map: King's Cove LE

Players

aLive

  • Race: Terran Terran
  • Spawn Location: 11:00

Harstem - Winner!

  • Race: Protoss Protoss
  • Spawn Location: 5:00

Event: IEM Season 13: Katowice (2019)

VOD

Have the link to the VOD?

Description

Time

  • Played on: Feb. 25, 2019, 12:16 p.m.
  • Length: 12:59

All games in this series

Show
View Real Time Build Order
Export as new Build Order

aLive Terran 

Build Orders:  

Get SALT Encoding   

  12  0:00  SCV  
  13  0:12  SCV  
  14  0:18  Supply Depot  
  14  0:25  SCV  
  15  0:39  SCV  
  15  0:41  Barracks  
  16  0:47  Refinery  
  16  0:52  SCV  
  17  0:58  Refinery  
  17  1:04  SCV  
  18  1:16  SCV  
  19  1:28  Reaper, Orbital Command  
  20  1:46  Factory  
  20  1:51  Supply Depot  
  20  1:53  SCV  
  21  2:00  Reaper  
  22  2:06  SCV  
  23  2:18  SCV  
  23  2:30  SCV  
  23  2:32  Reaper  
  23  2:33  Hellion  
  27  2:43  SCV  
  28  2:50  Command Center  
  28  2:56  Hellion  
  30  2:59  SCV  
  30  3:01  Supply Depot  
  31  3:10  Starport  
  31  3:18  Factory Tech Lab  
  31  3:23  SCV  
  32  3:35  SCV  
  32  3:36  Barracks  
  32  3:40  Cyclone  
  36  3:47  SCV  
  35  3:56  Starport Tech Lab  
  35  3:59  SCV  
  35  4:01  Barracks, Orbital Command  
  31  4:11  SCV  
  31  4:12  Cyclone  
  35  4:21  Raven  
  35  4:23  SCV  
  38  4:28  SCV  
  39  4:36  Barracks Tech Lab, Barracks Reactor  
  39  4:37  SCV  
  40  4:40  SCV  
  40  4:42  Supply Depot  
  41  4:50  SCV  
  41  4:52  SCV  
  43  4:53  Refinery  
  43  4:54  Supply Depot  
  43  4:55  Marine  
  43  4:56  Stimpack, Factory Reactor  
  44  5:03  Engineering Bay  
  44  5:05  Marine  
  45  5:07  Combat Shield  
  45  5:08  SCV x2  
  45  5:13  Marine x3  
  50  5:19  Starport Reactor  
  50  5:20  SCV x2  
  52  5:23  Supply Depot  
  52  5:28  Marine  
  52  5:30  Terran Infantry Weapons Level 1  
  52  5:31  Marine  
  52  5:32  SCV x2, Supply Depot  
  52  5:34  Widow Mine  
  52  5:35  Widow Mine  
  60  5:36  Marine  
  60  5:38  Marine  
  62  5:44  SCV x2  
  62  5:46  Marine  
  65  5:50  Marine  
  65  5:54  Supply Depot, Marine  
  65  5:56  SCV x2, Marine  
  70  5:58  Widow Mine  
  70  5:59  Widow Mine  
  73  6:04  Medivac  
  73  6:05  Medivac  
  78  6:11  Marine  
  78  6:14  Marine  
  78  6:15  Marauder x2  
  78  6:17  Supply Depot  
  83  6:22  Widow Mine x2  
  87  6:26  Supply Depot  
  87  6:35  Marine  
  87  6:36  Marauder x2, Marine  
  93  6:42  SCV x2  
  95  6:51  Concussive Shells  
  95  6:54  Command Center  
  95  7:02  Barracks  
  95  7:04  Barracks  
  95  7:06  Marine x3  
  95  7:07  Medivac x2, Marine  
  99  7:21  SCV x2  
  94  7:24  Widow Mine, Marine x2  
  94  7:25  Widow Mine  
  86  7:42  Marauder x2  
  89  7:46  Widow Mine  
  89  7:49  SCV x2  
  92  7:51  Terran Infantry Armor Level 1  
  92  7:53  Refinery  
  92  7:55  Barracks Reactor  
  92  7:56  Marauder, Marine x2  
  94  7:58  Medivac x2  
  94  7:59  Widow Mine  
  94  8:01  SCV x2  
  92  8:06  Marauder x2  
  92  8:08  Orbital Command  
  96  8:13  SCV x2  
  96  8:14  Widow Mine  
  100  8:20  Widow Mine  
  100  8:23  Liberator  
  100  8:24  Liberator  
  100  8:25  SCV x2  
  103  8:28  Marine x2  
  103  8:29  Marauder x3  
  103  8:35  SCV  
  103  8:37  SCV  
  103  8:38  SCV  
  111  8:45  Refinery  
  111  8:47  Refinery  
  111  8:52  Starport  
  111  8:54  Marine x4  
  111  8:55  SCV x2  
  117  8:59  Missile Turret  
  117  9:02  SCV  
  118  9:07  SCV x2, Supply Depot x2  
  120  9:11  Liberator x2  
  120  9:14  Marauder x2  
  120  9:15  Marine  
  125  9:24  Liberator  
  125  9:28  Marauder  
  125  9:29  Marine x3  
  136  9:33  Supply Depot  
  136  9:34  Supply Depot  
  136  9:36  Supply Depot  
  136  9:38  Liberator  
  139  9:51  Marine x2  
  141  9:55  Marine x2  
  146  10:01  Marine  
  146  10:04  Marauder x2  
  138  10:15  Marine x4  
  138  10:20  Marauder  
  129  10:25  SCV x3  
  129  10:26  Marauder x2  
  125  10:35  Marine x3  
  110  10:36  Marine  
  110  10:41  Marauder  
  110  10:47  Marauder x2  
  106  10:53  Viking  
  106  10:54  Viking x2  
  111  10:57  Marine x4  
  111  11:03  Marauder  
  117  11:09  Liberator x3  
  117  11:10  Liberator  
  117  11:12  Marauder x2  
  117  11:15  Marine x4  
  125  11:24  Marauder  
  134  11:33  Missile Turret  
  123  11:47  Marine x4  
  108  12:06  SCV x2  
  108  12:07  SCV  
  102  12:10  Marine x4  
  98  12:21  SCV x3  
  79  12:36  SCV x2  
  79  12:37  Missile Turret, SCV  
Show
View Real Time Build Order
Export as new Build Order

Harstem Protoss - Winner!

Build Orders: 1 Gate Expand, Oracle Opening 

Get SALT Encoding   

  12  0:00  Probe  
  13  0:13  Probe  
  14  0:18  Pylon  
  14  0:24  Probe  
  15  0:32  Probe  
  15  0:39  Assimilator  
  15  0:42  Probe  
  16  0:43  Gateway  
  17  0:53  Probe  
  18  1:05  Probe  
  19  1:17  Probe  
  20  1:26  Nexus  
  20  1:33  Cybernetics Core  
  20  1:36  Probe  
  21  1:41  Assimilator  
  21  1:48  Probe  
  21  1:51  Pylon  
  22  1:59  Adept  
  22  2:00  Probe  
  23  2:12  Probe  
  25  2:23  Stalker  
  25  2:24  Probe  
  26  2:36  Probe  
  29  2:38  Stargate  
  29  2:40  Probe  
  30  2:53  Warp Gate, Stalker  
  30  2:55  Probe  
  30  2:57  Probe  
  33  3:05  Probe  
  33  3:08  Probe  
  35  3:13  Probe, Oracle  
  36  3:20  Probe  
  36  3:25  Probe  
  41  3:32  Probe  
  42  3:34  Pylon  
  42  3:37  Probe  
  42  3:40  Oracle  
  43  3:44  Probe  
  42  3:49  Probe  
  43  3:56  Probe  
  43  4:02  Probe  
  45  4:08  Probe  
  46  4:11  Twilight Council  
  46  4:12  Gateway  
  46  4:16  Gateway, Probe  
  47  4:20  Probe  
  48  4:25  Pylon  
  48  4:28  Probe, Blink  
  49  4:31  Phoenix  
  52  4:44  Nexus  
  51  4:45  Probe  
  51  4:48  Probe  
  53  4:58  Probe, Assimilator  
  54  5:02  Probe  
  55  5:10  Probe  
  55  5:12  Pylon  
  55  5:13  Stalker  
  58  5:16  Forge  
  58  5:17  Probe  
  59  5:22  Probe, Assimilator  
  60  5:28  Protoss Ground Armor Level 1  
  60  5:29  Probe  
  60  5:30  Pylon  
  60  5:32  Sentry, Stalker  
  60  5:35  Pylon  
  65  5:39  Probe  
  66  5:45  Probe  
  67  5:51  Probe, Pylon  
  68  5:57  Probe  
  68  6:02  Probe  
  68  6:03  Probe  
  68  6:04  Stalker  
  73  6:09  Gateway  
  73  6:10  Sentry  
  73  6:11  Gateway, Probe  
  75  6:14  Probe  
  75  6:15  Probe  
  75  6:16  Charge  
  75  6:17  Gateway  
  78  6:21  Zealot  
  78  6:23  Probe  
  81  6:26  Probe  
  81  6:27  Shield Battery  
  82  6:34  Shield Battery  
  80  6:40  Stalker x2  
  80  6:41  Probe  
  80  6:43  Probe  
  80  6:44  Assimilator  
  80  6:46  Pylon, Robotics Facility  
  86  6:49  Probe  
  86  6:50  Sentry  
  86  6:53  Probe  
  90  6:55  Probe  
  90  6:56  Phoenix  
  93  7:06  Stalker  
  93  7:07  Stalker x3  
  93  7:08  Probe  
  102  7:12  Assimilator  
  100  7:20  Stalker  
  100  7:21  Stalker  
  100  7:28  Immortal  
  84  7:30  Stalker x4  
  84  7:35  Probe  
  84  7:39  Probe  
  84  7:42  Zealot  
  91  7:46  Stalker  
  91  7:48  Probe  
  91  7:50  Stalker  
  91  7:51  Protoss Ground Weapons Level 1, Shield Battery  
  97  7:52  Photon Cannon  
  97  7:53  Zealot x2  
  97  7:57  Photon Cannon  
  100  7:59  Warp Prism  
  100  8:05  Sentry, Zealot  
  104  8:12  Robotics Bay  
  106  8:21  Zealot x4  
  109  8:34  Probe x3, Pylon  
  109  8:37  Phoenix  
  109  8:38  Forge  
  109  8:39  Pylon  
  112  8:45  Shield Battery  
  112  8:46  Probe  
  112  8:48  Colossus  
  115  8:57  Zealot x2  
  115  9:01  Zealot  
  115  9:02  Zealot  
  128  9:05  Pylon  
  128  9:07  Dark Shrine  
  127  9:11  Sentry  
  129  9:22  Zealot x2  
  133  9:24  Extended Thermal Lance  
  133  9:25  Pylon  
  133  9:26  Protoss Ground Armor Level 2, Colossus  
  132  9:44  Nexus  
  136  9:48  Zealot x3  
  136  9:52  Protoss Ground Weapons Level 2  
  142  9:53  Pylon x2  
  142  10:06  Zealot x3  
  131  10:16  Zealot  
  131  10:17  Zealot x2  
  117  10:22  Colossus  
  108  10:30  Zealot x3  
  108  10:34  Dark Templar x3  
  104  10:44  Probe  
  104  10:48  Stalker x3  
  110  10:50  Probe  
  110  10:51  Probe  
  110  10:52  Gateway  
  110  10:56  Gateway, Pylon  
  107  11:02  Oracle  
  110  11:06  Colossus  
  110  11:08  Sentry, Dark Templar x2, Shield Battery  
  110  11:11  Zealot x3  
  120  11:12  Shield Battery  
  120  11:17  Archon  
  128  11:25  Shield Battery  
  126  11:32  Dark Templar x2  
  130  11:40  Stalker x2  
  130  11:45  Pylon  
  126  11:49  Stalker  
  126  11:50  Stalker x2  
  129  11:56  Stalker  
  133  12:06  Stalker x4  
  127  12:19  Stalker x4  
  125  12:29  Probe  
  126  12:32  Dark Templar  
  126  12:34  Zealot x3  
  132  12:53  Dark Templar  
  132  12:54  Dark Templar  
  132  12:57  Nexus  

Tags
 
Add a new tag
Caveats
  • Supply blocks, unpowered buildings, or Contaminate may cause inaccurate times.
  • Supply counts are checked every 10 seconds.